 Dungeon Crawl Stone Soup version 0.17.0-28-g6e173f8 (webtiles) character file.

4081 GeneralIdiocy the Grappler (level 10, 72/74 HPs)
             Began as a Demonspawn Gladiator on Nov 30, 2015.
             Was a Priest of Makhleb.
             Starved to death
             ... on level 8 of the Dungeon.
             The game lasted 00:18:39 (10012 turns).

GeneralIdiocy the Grappler (Demonspawn Gladiator)  Turns: 10012, Time: 00:18:39

Health: 72/74      AC: 12    Str: 17    XL:     10   Next: 5%
Magic:  14/14      EV: 12    Int: 10    God:    Makhleb [***...]
Gold:   362        SH:  0    Dex: 15    Spells: 0 memorised, 9 levels left

rFire  . . .     SeeInvis .       - Unarmed
rCold  . . .     Clarity  .     t - +0 swamp dragon armour
rNeg   . . .     SustAt   .     (no shield)
rPois  +         Gourm    .     c - +1 helmet
rElec  .         Spirit   .     l - +0 cloak
rCorr  .         Warding  .     (no gloves)
rMut   .         Stasis   .     (no boots)
MR     .....                    (no amulet)
Stlth  +.........               y - ring of invisibility
                                j - ring of poison resistance

@: fainting, not resistant to hostile enchantments, very unstealthy
A: claws 2, hooves 1, demonic guardian 2, powered by pain 1
a: Minor Destruction, Lesser Servant of Makhleb, Renounce Religion, Evoke
Invisibility


You were on level 8 of the Dungeon.
You worshipped Makhleb.
Makhleb was most pleased with you.
You were fainting.

You visited 2 branches of the dungeon, and saw 9 of its levels.
You also visited: Sewer.

You collected 362 gold pieces.

Inventory:

Hand Weapons
 b - a +0 blowgun
Missiles
 d - 2 throwing nets (quivered)
 h - 8 needles of paralysis
 r - 27 poisoned needles
Armour
 c - a +1 helmet (worn)
 l - a +0 cloak (worn)
 t - a +0 swamp dragon armour (worn)
Jewellery
 j - a ring of poison resistance (left claw)
 y - a ring of invisibility (right claw)
Wands
 C - a wand of flame (34)
Scrolls
 a - 2 scrolls of blinking
 f - 4 scrolls of teleportation
 m - a scroll of remove curse
 n - a scroll of enchant armour
 u - a scroll of recharging
 w - a scroll of noise {unknown}
 A - 2 scrolls of amnesia {unknown}
 B - a scroll of enchant weapon {unknown}
 D - a scroll of magic mapping {unknown}
Potions
 g - a potion of curing
 q - 3 potions of magic
 s - a potion of flight
 v - a potion of might
 z - a potion of invisibility
Books
 o - a book of Annihilations

   Spells                             Type                      Level
   a - Poison Arrow                   Conjuration/Poison           6
   b - Chain Lightning                Conjuration/Air              8
   c - Lehudib's Crystal Spear        Conjuration/Earth            8
   d - Glaciate                       Conjuration/Ice              9
   e - Fire Storm                     Conjuration/Fire             9
 p - a book of the Earth

   Spells                             Type                      Level
   a - Leda's Liquefaction            Hexes/Earth                  4
   b - Bolt of Magma                  Conjuration/Fire/Earth       5
   c - Statue Form                    Transmutation/Earth          6
   d - Iron Shot                      Conjuration/Earth            6
   e - Shatter                        Earth                        9
 x - a book of Hinderance

   Spells                             Type                      Level
   a - Confusing Touch                Hexes                        2
   b - Confuse                        Hexes                        3
   c - Gell's Gravitas                Hexes/Translocation          3
   d - Petrify                        Transmutation/Earth          4
   e - Metabolic Englaciation         Hexes/Ice                    5
Comestibles
 e - 9 bread rations
 i - 2 meat rations
 k - a chunk of flesh
 E - 6 beef jerkies


   Skills:
 - Level 5.4 Fighting
   Level 2.6 Long Blades
 - Level 1.7 Throwing
 * Level 6.9 Armour
 - Level 2.6 Dodging
 * Level 9.3 Unarmed Combat
 + Level 6.0 Invocations


You had 9 spell levels left.
You didn't know any spells.

Dungeon Overview and Level Annotations

Branches:
Dungeon (8/15)             Temple (1/1) D:4
   Lair: D:8-11

Altars:
Dithmenos
Elyvilon
Fedhas
Kikubaaqudgha
Makhleb
Nemelex Xobeh
Okawaru
Qazlal
Ru
Sif Muna
Trog
Vehumet
Xom
Yredelemnul
Zin
The Shining One

Shops:
D:6 (:[

Annotations:
D:7 Dimlob's ghost, novice MiFi


Innate Abilities, Weirdness & Mutations

You have very sharp fingernails.
You have large cloven feet.
A demonic guardian rushes to your aid.
You sometimes gain a little power by taking damage.


Message History

The hungry ghost barely misses you.
You closely miss the hungry ghost.
The hungry ghost is heavily damaged.
The hungry ghost hits you.
You feel slightly more hungry.
You barely miss the hungry ghost. Your kick misses the hungry ghost.
The hungry ghost is heavily damaged.
You scratch the hungry ghost. Your kick misses the hungry ghost.
The hungry ghost is severely damaged.
The hungry ghost hits you.
You feel slightly more hungry.
You claw the hungry ghost!
The hungry ghost is severely damaged.
The hungry ghost hits you.
You feel slightly more hungry.
You closely miss the hungry ghost. Your kick misses the hungry ghost.
The hungry ghost is severely damaged.
The hungry ghost hits you.
You closely miss the hungry ghost.
You kick the hungry ghost, but do no damage.
The hungry ghost is severely damaged.
You have starved to death.
You die...

....$.....# ..........#
######### ..........#
##........ ..........#
##........#
..........##.#..........
..........##.#..........
.......†W.##.#.........(
.......@..##.#!........<
..........##.#..........
..........##.##......†.#
######..####.#..........
#..###.............
#...##.............
#######.#.##.............
#..........#...<.[.......
#..........#............#


You could see a hungry ghost.

Vanquished Creatures
  Pikel (D:4)
  The ghost of djmy96 the Shield-Bearer, a novice HOFi (D:4)
  A troll (D:7)
  A hippogriff (D:7)
  Edmund (D:3)
  6 ogres
  A phantom (D:8)
  2 ice beasts
  A slave (D:4)
  A centaur (D:5)
  3 big kobolds
  2 giant frogs (D:7)
  A wyvern zombie (D:7)
  A wyvern skeleton (D:6)
  4 scorpions
  3 crimson imps
  An orc priest (D:6)
  2 centaur skeletons (D:4)
  A jelly (D:7)
  A wasp zombie (D:6)
  4 orc wizards
  A quasit (D:6)
  2 giant frog skeletons
  6 worker ants
  2 iguanas
  A killer bee zombie (D:5)
  A hound skeleton (D:6)
  11 adders
  15 gnolls
  3 river rats (Sewer)
  2 shadow imps (D:7)
  4 oozes (Sewer)
  An adder skeleton (D:4)
  An adder zombie (D:5)
  5 worms
  3 giant geckos
  24 orcs
  6 ball pythons
  6 giant cockroaches
  9 goblins
  5 hobgoblins
  2 quokkas
  6 bats
  2 giant cockroach zombies
  3 giant newts
  16 jackals
  14 kobolds
  9 rats
199 creatures vanquished.

Vanquished Creatures (collateral kills)
  Sigmund (D:3)
  An ogre (D:6)
  2 big kobolds (Sewer)
  A hound (D:8)
  A hound skeleton (D:4)
  A gnoll (D:7)
  An orc (D:3)
  A giant cockroach (D:3)
  3 jackals (D:4)
  A rat (Sewer)
13 creatures vanquished.

Vanquished Creatures (others)
  An orc wizard (D:3)
  An adder (D:4)
  A jackal (D:4)
3 creatures vanquished.

Grand Total: 215 creatures vanquished

Notes
Turn   | Place    | Note
--------------------------------------------------------------
     0 | D:1      | GeneralIdiocy the Demonspawn Gladiator began the quest for the Orb.
     0 | D:1      | Reached XP level 1. HP: 16/16 MP: 1/1
   102 | D:1      | Gained mutation: A weak demonic guardian rushes to your aid. [demonic ancestry]
   102 | D:1      | Reached XP level 2. HP: 13/23 MP: 2/2
   336 | D:1      | Reached skill level 3 in Fighting
   488 | D:1      | Found a shimmering altar of Xom.
  1063 | D:2      | Gained mutation: You have sharp fingernails. [demonic ancestry]
  1063 | D:2      | Reached XP level 3. HP: 19/29 MP: 3/3
  2178 | D:2      | Reached skill level 1 in Unarmed Combat
  2639 | D:2      | Gained mutation: You sometimes gain a little power by taking damage. [demonic ancestry]
  2639 | D:2      | Reached XP level 4. HP: 34/37 MP: 4/4
  3347 | D:3      | Noticed Sigmund
  3358 | D:4      | Noticed Edmund
  3383 | D:3      | Reached skill level 4 in Fighting
  3472 | D:3      | Killed Sigmund
  3472 | D:3      | Gained mutation: You have very sharp fingernails. [demonic ancestry]
  3472 | D:3      | Reached XP level 5. HP: 3/43 MP: 5/5
  3575 | D:3      | Found a glowing drain.
  3613 | Sewer    | Entered a sewer
  3824 | Sewer    | Reached XP level 6. HP: 44/49 MP: 6/6
  4098 | Sewer    | Reached skill level 5 in Fighting
  4619 | Sewer    | Reached XP level 7. HP: 54/56 MP: 7/7
  4815 | D:3      | Found a faded altar to an unknown god.
  5199 | D:4      | Noticed an ogre
  5215 | D:3      | Killed Edmund
  5215 | D:3      | Reached skill level 1 in Armour
  5215 | D:3      | Reached skill level 5 in Unarmed Combat
  5349 | D:4      | Killed an ogre
  5462 | D:4      | Noticed djmy96's ghost (novice HOFi)
  5751 | D:4      | Killed djmy96's ghost
  5751 | D:4      | Reached skill level 6 in Unarmed Combat
  5751 | D:4      | Gained mutation: You have large cloven feet. [demonic ancestry]
  5751 | D:4      | Reached XP level 8. HP: 27/63 MP: 8/8
  5966 | D:4      | Found a staircase to the Ecumenical Temple.
  5977 | Temple   | Entered the Ecumenical Temple
  6041 | Temple   | Became a worshipper of Makhleb the Destroyer
  6140 | D:4      | Found a white marble altar of Elyvilon.
  6140 | D:4      | Found a shadowy altar of Dithmenos.
  6267 | D:4      | Noticed a slave
  6267 | D:4      | Noticed a slave
  6270 | D:4      | Noticed a slave
  6270 | D:4      | Noticed a slave
  6271 | D:4      | Noticed Pikel
  6286 | D:4      | Killed a slave
  6296 | D:4      | Killed Pikel
  6296 | D:4      | Reached skill level 7 in Unarmed Combat
  6480 | D:4      | Found a glowing golden altar of the Shining One.
  6484 | D:4      | Noticed an ogre
  6492 | D:4      | Killed an ogre
  6563 | D:5      | Entered Level 5 of the Dungeon
  6625 | D:5      | Reached * piety under Makhleb
  6793 | D:5      | Reached XP level 9. HP: 51/68 MP: 11/11
  7290 | D:6      | Found Zyllorgh's Book Emporium.
  7297 | D:6      | Found Aluczipn's Armour Shoppe.
  7387 | D:6      | Found Sommistri's Antique Weapon Shoppe.
  7398 | D:6      | Reached skill level 5 in Armour
  7398 | D:6      | Reached skill level 8 in Unarmed Combat
  8014 | D:6      | Reached ** piety under Makhleb
  8330 | D:7      | Reached skill level 5 in Invocations
  8528 | D:7      | Reached *** piety under Makhleb
  8785 | D:7      | Found a radiant altar of Vehumet.
  8829 | D:7      | Reached skill level 9 in Unarmed Combat
  8971 | D:7      | Noticed Dimlob's ghost (novice MiFi)
  9837 | D:8      | Gained mutation: A demonic guardian rushes to your aid. [demonic ancestry]
  9837 | D:8      | Reached XP level 10. HP: 67/74 MP: 14/14
 10012 | D:8      | Starved to death

Action                   |  1- 3 |  4- 6 |  7- 9 | 10-12 || total
-------------------------+-------+-------+-------+-------++-------
Melee: Long sword        |    61 |       |       |       ||    61
       Unarmed           |   128 |   179 |   499 |    38 ||   844
Throw: Throwing net      |     4 |     1 |     3 |       ||     8
  Use: Potion            |       |     9 |     1 |       ||    10
       Scroll            |       |     5 |     6 |       ||    11
 Stab: Sleeping          |     2 |       |       |       ||     2
       Held in net/web   |     1 |       |     1 |       ||     2
       Distracted        |       |       |     3 |       ||     3
  Eat: Meat ration       |     1 |     1 |       |       ||     2
       Chunk             |       |     2 |    18 |       ||    20
